 Dungeon Crawl Stone Soup version 0.26-a0-67-g850bfe61e3 (webtiles) character file.

Game seed: 2448716095158241086

1256 bobich the Ruffian (level 8, 0/57 HPs)
             Began as an Octopode Chaos Knight on June 12, 2020.
             Was a Plaything of Xom.
             Slain by an orc
             ... wielding a +0 trident
              (7 damage)
             ... on level 6 of the Dungeon.
             The game lasted 00:05:31 (5767 turns).

bobich the Ruffian (Octopode Chaos Knight)          Turns: 5767, Time: 00:05:31

Health: 0/57       AC:  1    Str: 13    XL:     8   Next: 51%
Magic:  18/18      EV: 16    Int: 14    God:    Xom [....*.]
Gold:   111        SH:  0    Dex: 14    Spells: 7/7 levels left

rFire    + . .     SeeInvis .     - Unarmed
rCold    . . .     Gourm    .   (no shield)
rNeg     . . .     Faith    +   (helmet restricted)
rPois    .         Spirit   .   q - amulet of faith
rElec    +         Reflect  .   g - ring of magical power
rCorr    .         Harm     .   (no ring)
MR       .....                  s - ring of protection from fire
Stlth    ++........             (no ring)
HPRegen  0.19/turn              (no ring)
MPRegen  0.16/turn              (no ring)
                                (no ring)
                                (no ring)

@: about to teleport
A: almost no armour, stealthy swim, amphibious, 8 rings, constrict 8, camouflage
1, agile 1, electricity resistance, gelatinous body 1
a: Renounce Religion


You were on level 6 of the Dungeon.
You worshipped Xom.
You were a beloved toy of Xom.
You were not hungry.

You visited 1 branch of the dungeon, and saw 6 of its levels.

You collected 373 gold pieces.
You spent 262 gold pieces at shops.

Inventory:

Hand Weapons
 n - the +10 short sword of Responsibility {vorpal, rC+ Int+2, unknown}
   (You found it on level 4 of the Dungeon)

   It inflicts extra damage upon your enemies.
   It affects your intelligence (+2).
   It protects you from cold.
Missiles
 t - a throwing net (quivered) {!f}
Jewellery
 g - a ring of magical power (left tentacle)
 q - an amulet of faith (around mantle)
 s - a ring of protection from fire (on tentacle)
Wands
 b - a wand of digging (6)
 l - a wand of clouds (3)
 p - a wand of paralysis (9)
Scrolls
 c - a scroll of enchant weapon
 e - 3 scrolls of remove curse {@r2}
 f - 2 scrolls of amnesia
 h - 4 scrolls of identify {@r1}
 i - 5 scrolls of teleportation {@r3}
 j - a scroll of blinking {unknown}
 o - a scroll of holy word {unknown}
 r - a scroll of fog {unknown}
Potions
 d - 3 potions of curing {@q1}
 k - 2 potions of haste {unknown}
 m - a potion of magic
 u - a potion of might
 v - a potion of flight {unknown}
 w - a potion of resistance {unknown}
Comestibles
 a - 12 rations
 x - a chunk of flesh


   Skills:
 + Level 5.6 Fighting
 + Level 5.3 Dodging
 * Level 7.5 Unarmed Combat
 + Level 2.1 Evocations


You had 7 spell levels left.
You didn't know any spells.
Your spell library was empty.

Dungeon Overview and Level Annotations

Branches:
Dungeon (6/15)
 Temple: D:4-7

Altars:
Dithmenos
Xom
Yredelemnul
Zin

Shops:
D:4 *

Annotations:
D:5 1 runed translucent door, Flubber's ghost, amateur MiFi


Innate Abilities, Weirdness & Mutations

You cannot wear most types of armour.
You are very stealthy in the water. (Stealth+)
You are amphibious.
You can wear up to eight rings at the same time.
You can use your tentacles to constrict eight enemies at once.
Your skin changes colour to match your surroundings (Stealth+).
Your rubbery body absorbs attacks. (AC +1, EV +1)
You are agile. (Dex +2)
You are resistant to electric shocks. (rElec)


Message History

The orc priest closely misses you.
Okay, then.
As you read the scroll labeled WIADIW VICRUQ, it crumbles to dust.
It is a scroll of enchant weapon.
You aren't carrying any weapons that can be enchanted.
The centaur unwields a +0 shortbow.
The centaur barely misses you.
As you read the scroll labeled LOTUZX BUYCO, it crumbles to dust.
It is a scroll of identify.
i - 6 scrolls of teleportation The centaur hits you.
The orc closely misses you. The hound closely misses you. The centaur hits you!
* * * LOW HITPOINT WARNING * * *
As you read the scroll of teleportation {@r3}, it crumbles to dust.
You feel strangely unstable. The hound bites you.
* * * LOW HITPOINT WARNING * * *
The orc priest looks encouraged for a moment.
The orc hits you from afar with a +0 trident!
You die...
Xom is highly amused!

.............#
............%#
.............#
.............#
(............#
......oo.....#
......c.o....#
......h@o....#
.....$%(.....#
.............#
.............#
.............#
.....>.......#
.....|.......#
.............#
.............#


You could see an orc warrior, a centaur, a hound, an orc priest and 2 orcs.

Vanquished Creatures
  Grinder (D:3)
  2 ogres
  A bullfrog (D:5)
  A scorpion (D:4)
  3 crimson imps (D:5)
  An orc priest (D:4)
  Crazy Yiuf (D:3)
  A centaur skeleton (D:4)
  3 hounds
  5 orc wizards
  3 bullfrog skeletons
  2 iguanas (D:5)
  2 worker ants
  10 adders
  A shadow imp (D:5)
  An ooze (D:1)
  2 adder skeletons (D:4)
  2 worms
  2 dart slugs
  3 leopard geckos
  12 orcs
  3 ball pythons
  2 bats
  5 giant cockroaches
  5 goblins
  4 hobgoblins
  3 jackals (D:3)
  A quokka (D:4)
  2 frilled lizards
  A jackal skeleton (D:4)
  5 kobolds
  8 rats
  A spectral orc (D:5)
99 creatures vanquished.

Notes
Turn   | Place    | Note
-------+----------+-------------------------------------------
     0 | D:1      | bobich the Octopode Chaos Knight began the quest for the
                  | Orb.
     0 | D:1      | Reached XP level 1. HP: 16/16 MP: 1/1
    66 | D:1      | XOM: silly message
   348 | D:1      | Reached XP level 2. HP: 21/21 MP: 2/2
   468 | D:1      | XOM: divination: magic mapping
   478 | D:1      | XOM: divination: magic mapping
   718 | D:1      | Reached XP level 3. HP: 26/26 MP: 3/3
  1131 | D:2      | Reached skill level 4 in Unarmed Combat
  1131 | D:2      | Reached XP level 4. HP: 22/31 MP: 4/4
  1568 | D:3      | Reached XP level 5. HP: 25/37 MP: 5/5
  1610 | D:3      | XOM is BORED!
  1610 | D:3      | XOM: silly message
  1716 | D:3      | Found a glowing silver altar of Zin.
  2452 | D:3      | Found a runed translucent door.
  2453 | D:3      | Noticed Crazy Yiuf
  2463 | D:3      | Killed Crazy Yiuf
  2463 | D:3      | Reached skill level 5 in Unarmed Combat
  2463 | D:3      | Reached XP level 6. HP: 10/43 MP: 6/6
  2485 | D:3      | XOM: noise
  2555 | D:3      | XOM: divination: detect items
  2603 | D:3      | XOM: silly message
  2730 | D:3      | Noticed Grinder
  2730 | D:3      | Paralysed by Grinder for 4 turns
  2731 | D:3      | XOM: noise
  2741 | D:3      | Killed Grinder
  2752 | D:3      | XOM: cloud trail
  2999 | D:3      | Reached XP level 7. HP: 49/49 MP: 7/7
  3001 | D:3      | Found a shadowy altar of Dithmenos.
  3125 | D:4      | XOM: scenery: 1 doors open
  3284 | D:3      | XOM: god gift: wand of clouds (4)
  3351 | D:4      | Got a bloodstained short sword
  3357 | D:4      | XOM: polymorph quokka -> rat
  3362 | D:4      | Reached skill level 6 in Unarmed Combat
  3362 | D:4      | XOM: god gift: runed arbalest {god gift}
  3623 | D:4      | XOM: polymorph orc -> quokka
  3825 | D:4      | XOM: polymorph ogre -> worm
  3978 | D:4      | XOM: cloud trail
  4047 | D:4      | Reached skill level 5 in Fighting
  4376 | D:4      | Found Joff's Assorted Antiques.
  4382 | D:4      | Bought an emerald potion for 17 gold pieces
  4382 | D:4      | Bought a jewelled gold wand for 76 gold pieces
  4382 | D:4      | Bought a scroll labeled SUVEHA US ECUM for 19 gold pieces
  4382 | D:4      | Bought a tiny cabochon amulet for 95 gold pieces
  4382 | D:4      | Bought an emerald potion for 17 gold pieces
  4382 | D:4      | Bought a scroll labeled LOTUZX BUYCO for 19 gold pieces
  4382 | D:4      | Bought a scroll labeled SUVEHA US ECUM for 19 gold pieces
  4462 | D:4      | XOM: cloud trail
  4486 | D:5      | Entered Level 5 of the Dungeon
  4572 | D:5      | Found a runed translucent door.
  4609 | D:5      | XOM: give mutations
  4609 | D:5      | Gained mutation: You are resistant to electric shocks.
                  | (rElec) [Xom's grace]
  4609 | D:5      | Gained mutation: You are agile. (Dex +2) [Xom's grace]
  4614 | D:5      | Reached XP level 8. HP: 50/55 MP: 8/8
  4672 | D:5      | Reached skill level 5 in Dodging
  4672 | D:5      | Reached skill level 7 in Unarmed Combat
  4672 | D:5      | Reached skill level 1 in Evocations
  4880 | D:5      | XOM: 7-stop teleportation journey
  4928 | D:5      | XOM: scenery: create altars
  4929 | D:5      | XOM: butterfly on damage
  4945 | D:4      | XOM: polymorph orc -> rat
  5120 | D:5      | XOM: cleaving
  5123 | D:5      | XOM: cast spell 'Summon Butterflies'
  5446 | D:5      | XOM: scenery: create altars
  5536 | D:5      | XOM: cloud trail
  5606 | D:5      | XOM: divination: magic mapping
  5616 | D:5      | Found a basalt altar of Yredelemnul.
  5689 | D:5      | Noticed Flubber's ghost (amateur MiFi)
  5767 | D:6      | Slain by an orc

Illustrated notes

Levels and vault maps discovered:
D:1:      minmay_arrival_four_circles, layout_basic, chequers_garden
D:2:      layout_rooms
D:3:      layout_rooms, zin_academy, first_ration,
          grunt_dithmenos_smoke_and_mirrors, uniq_grinder,
          uniq_crazy_yiuf_cottage
D:4:      layout_basic, serial_shops, nicolae_shop_overgrown_old_shop
D:5:      lemuel_ice_spiral_2, layout_basic,
          yredelemnul_forgotten_temple_becter, ebering_ghost_reflecting_pool
D:6:      layout_basic

Skill      XL: |  1  2  3  4  5  6  7  8 |
---------------+-------------------------+-----
Dodging        | 3 4 5 |  5.3
Unarmed Combat | 4 5 6 7 |  7.5
Fighting       | 4 5 |  5.6
Evocations     | 2 |  2.1

Action                   |  1- 3 |  4- 6 |  7- 9 || total
-------------------------+-------+-------+-------++-------
Melee: Unarmed           |    63 |    93 |   141 ||   297
       Constrict         |    14 |    15 |    36 ||    65
       Tentacles         |    13 |    11 |    33 ||    57
       Punch             |     2 |     3 |     5 ||    10
Evoke: Wand              |       |       |     1 ||     1
  Use: Potion            |       |     4 |     1 ||     5
       Scroll            |       |     1 |     5 ||     6
 Stab: Sleeping          |     5 |     3 |     3 ||    11
  Eat: Chunk             |     1 |     4 |    10 ||    15
Armor: Skin              |     5 |    13 |     4 ||    22
Dodge: Dodged            |    43 |    56 |    86 ||   185

Table legend:
 A = Non-vault XP
 B = Vault XP
 C = Vault XP percentage of total XP
 D = Non-vault monster count
 E = Vault monster count
 F = Vault count percentage of total count
                 A         B        C        D         E       F
            +---------+---------+-------+---------+---------+-------
      Total |    1472 |     323 |  18.0 |      96 |       3 |   3.0
            +---------+---------+-------+---------+---------+-------
        D:1 |      34 |       0 |   0.0 |      15 |       0 |   0.0
        D:2 |      90 |       0 |   0.0 |      15 |       0 |   0.0
        D:3 |     178 |     322 |  64.4 |      24 |       2 |   7.7
        D:4 |     506 |       0 |   0.0 |      23 |       0 |   0.0
        D:5 |     661 |       1 |   0.2 |      18 |       1 |   5.3
        D:6 |       3 |       0 |   0.0 |       1 |       0 |   0.0
            +---------+---------+-------+---------+---------+-------
